 Dungeon Crawl Stone Soup version 0.31-a0-844-gdc52ec4e09 (webtiles) character file.

Game seed: 9153472735213993682

758876 Joey1 the Conqueror (level 27, -11/273 HPs)
             Began as a Minotaur Berserker on Sept 26, 2023.
             Was the Champion of the Shining One.
             Killed from afar by Lom Lobon (28 damage)
             ... with a great icy blast
             ... in Pandemonium on Sept 28, 2023.
             The game lasted 04:59:49 (85600 turns).

Joey1 the Conqueror (Minotaur Berserker)           Turns: 85600, Time: 04:59:50

Health: -11/273    AC: 45    Str: 34      XL:     27
Magic:  39/39      EV: 12    Int:  8 (11) God:    the Shining One [******]
Gold:   6773       SH: 46    Dex:  8      Spells: 26/26 levels left

rFire   + . .        n - +9 broad axe (holy)
rCold   + . .        u - +8 tower shield {AC+3}
rNeg    + + +        e - +1 crystal plate armour
rPois   +            l - +2 hat
rElec   +            B - +3 cloak "Uguj" {rElec Int-3 Stlth+}
rCorr   +            Y - +2 pair of gloves
SInv    .            D - +2 pair of boots of Liapec Dyps {Will+}
Will    +++..        R - amulet of regeneration Stlth
                     O - ring of protection from cold
HPRegen 1.45/turn    s - ring of Ceasod {rPois rF+ rCorr Str+6}
MPRegen 0.26/turn

%: random rage (3%)
@: divinely shielded, glowing, studying 2 skills
A: horns 2, retaliatory headbutt, berserk 1, clever 1, clumsy 1, mutation
resistance 1, MP-powered wands
}: 6/15 runes: serpentine, barnacled, slimy, silver, golden, dark
a: Renounce Religion, Divine Shield, Cleansing Flame, Summon Divine Warrior


You were in Pandemonium.
You worshipped the Shining One.
The Shining One was exalted by your worship.
You visited 13 branches of the dungeon, and saw 59 of its levels.
You visited Pandemonium 2 times, and saw 5 of its levels.
You visited 2 bazaars.
You also visited: Desolation.

You collected 10030 gold pieces.
You spent 3257 gold pieces at shops.

Inventory:

Hand Weapons
 n - a +9 broad axe of holy wrath (weapon)
 r - the +8 broad axe "Plog" {flame, Dex+2}
   (Trog gifted it to you on level 4 of the Vaults)

   Dex+2:     It affects your dexterity (+2).
 N - the +11 broad axe of Ruurch {heavy, Dex+4}
   (Trog gifted it to you on level 4 of the Snake Pit)

   Dex+4:     It affects your dexterity (+4).
Missiles
 d - 15 silver javelins (quivered)
 T - 5 throwing nets
Armour
 e - a +1 crystal plate armour (worn)
 l - a +2 hat (worn)
 u - a +8 tower shield of protection (worn)
 B - the +3 cloak "Uguj" (worn) {rElec Int-3 Stlth+}
   (You found it on level 2 of the Vaults)

   Int-3:     It affects your intelligence (-3).
   rElec:     It insulates you from electricity.
   Stlth+:    It makes you more stealthy.
 D - the +2 pair of boots of Liapec Dyps (worn) {Will+}
   (You found it in the Desolation of Salt)

   Will+:     It increases your willpower.
 Y - a +2 pair of gloves (worn)
Jewellery
 a - a ring of poison resistance
 s - the ring of Ceasod (right hand) {rPois rF+ rCorr Str+6}
   (You bought it in a shop on level 2 of the Orcish Mines)

   [ring of strength]

   Str+6:     It affects your strength (+6).
   rF+:       It protects you from fire.
   rPois:     It protects you from poison rCorr: It protects you from acid and
   corrosion.
 t - the amulet of Departure {Reflect rN+ SH+5}
   (You found it on level 3 of the Tomb of the Ancients)

   [amulet of reflection]

   Reflect:   It reflects blocked missile attacks.
   rN+:       It protects you from negative energy.
   SH+5:      It affects your SH (+5).
 G - the ring "Jaroh" {rN+ Str+2 Int+6}
   (You found it in the Desolation of Salt)

   [ring of intelligence]

   Str+2:     It affects your strength (+2).
   Int+6:     It affects your intelligence (+6).
   rN+:       It protects you from negative energy.
 J - a ring of see invisible
 K - a ring of flight
 M - an amulet of magic regeneration
 O - a ring of protection from cold (left hand)
 Q - the ring of the Gloaming {Drain rN+ Dex+6}
   (You found it on level 3 of the Crypt)

   [ring of positive energy]

   Dex+6:     It affects your dexterity (+6).
   rN+:       It protects you from negative energy.
   Drain:     It drains your maximum health when unequipped.
 R - an amulet of regeneration (around neck)
 U - a ring of protection from fire
 Z - a ring of willpower
Wands
 x - a wand of quicksilver (30)
 V - a wand of flame (46)
 W - a wand of mindburst (22)
Scrolls
 i - 14 scrolls of teleportation
 o - 7 scrolls of butterflies
 p - 10 scrolls of fear
 v - 10 scrolls of poison
 C - 7 scrolls of silence
 F - 8 scrolls of fog
 H - 9 scrolls of revelation
 P - 4 scrolls of immolation
 S - 3 scrolls of noise
Potions
 f - 16 potions of curing
 g - 8 potions of cancellation
 h - 4 potions of haste
 j - 8 potions of enlightenment
 m - 6 potions of might
 q - 5 potions of mutation
 w - 14 potions of attraction
 A - 15 potions of lignification
 E - 7 potions of resistance
 L - 5 potions of berserk rage
Miscellaneous
 b - a phial of floods (inert)
 c - a phantom mirror
 k - a box of beasts
 z - a condenser vane (inert)
 I - a figurine of a ziggurat


   Skills:
 O Level 27 Fighting
 + Level 24.0 Axes
 - Level 12.0 Throwing
 - Level 20.0 Armour
 - Level 20.0 Dodging
 - Level 23.0 Shields
 O Level 27 Invocations
 + Level 18.5 Evocations


You had 26 spell levels left.
You didn't know any spells.
Your spell library contained the following spells:

 Spells                   Type           Power      Damage    Failure   Level
 Slow                     Hex            0%         N/A       99%         1
 Blink                    Tloc           0%         N/A       99%         2
 Cigotuvi's Dreadful Rot  Necr/Pois/Air  0%         N/A       99%         2
 Ensorcelled Hibernation  Hex/Ice        0%         N/A       99%         2
 Jinxbite                 Hex            0%         N/A       99%         2
 Lesser Beckoning         Tloc           0%         N/A       99%         2
 Momentum Strike          Conj/Tloc      0%         3d8       99%         2
 Passwall                 Tmut/Erth      0%         N/A       99%         2
 Static Discharge         Conj/Air       0%         2-2/arc   99%         2
 Wereblood                Tmut           0%         N/A       99%         2
 Confusing Touch          Hex            0%         N/A       100%        3
 Dazzling Flash           Conj/Hex       0%         N/A       100%        3
 Frozen Ramparts          Ice            0%         1d1       100%        3
 Ignite Poison            Fire/Tmut/Pois 0%         N/A       100%        3
 Inner Flame              Hex/Fire       0%         N/A       100%        3
 Ozocubu's Armour         Ice            0%         N/A       100%        3
 Sigil of Binding         Hex            0%         N/A       100%        3
 Swiftness                Air            0%         N/A       100%        3
 Vampiric Draining        Necr           0%         2d6       100%        3
 Volatile Blastmotes      Fire/Tloc      0%         2d10      100%        3
 Airstrike                Air            0%         2d(0-16)  100%        4
 Anguish                  Hex/Necr       0%         N/A       100%        4
 Animate Armour           Summ/Erth      0%         N/A       100%        4
 Manifold Assault         Tloc           0%         N/A       100%        4
 Summon Lightning Spire   Summ/Air       0%         N/A       100%        4
 Agony                    Necr           0%         N/A       100%        5
 Freezing Cloud           Conj/Ice/Air   0%         6-21      100%        5
 Iskenderun's Battlesphe  Conj           0%         2d6       100%        5
 Lee's Rapid Deconstruct  Erth           0%         3d4*      100%        5
 Metabolic Englaciation   Hex/Ice        0%         N/A       100%        5
 Silence                  Hex/Air        0%         N/A       100%        5
 Yara's Violent Unravell  Hex/Tmut       0%         3d3       100%        5
 Bombard                  Conj/Erth      0%         9d1       100%        6
 Dispersal                Tloc           0%         N/A       100%        6
 Simulacrum               Ice/Necr       0%         N/A       100%        6
 Starburst                Conj/Fire      0%         6d3       100%        6
 Enfeeble                 Hex            0%         N/A       100%        7
 Spellforged Servitor     Conj/Summ      0%         N/A       100%        7
 Disjunction              Tloc           0%         N/A       100%        8
 Maxwell's Capacitive Co  Air            0%         ∞         100%        8


Dungeon Overview and Level Annotations

Branches:
Dungeon (15/15)            Temple (0/1) D:4            Lair (5/5) D:11
 Shoals (4/4) Lair:3        Snake (4/4) Lair:3        Slime (5/5) Lair:4
    Orc (2/2) D:9             Elf (3/3) Orc:2        Vaults (5/5) D:14
  Crypt (3/3) Vaults:3       Tomb (3/3) Crypt:3      Depths (4/4) D:15
   Hell (visited)             Dis (0/7) Hell            Geh (0/7) Hell
    Coc (0/7) Hell            Tar (0/7) Hell            Zot (5/5) Depths:4
Desolation (visited)

Altars:
Dithmenos
Elyvilon
Kikubaaqudgha
Qazlal
Sif Muna
Uskayaw
Vehumet
Yredelemnul
Zin
The Shining One
Jiyva

Shops:
D:1 !   D:8 (*   Orc:1 !   Orc:2 (*[=   Elf:2 !   Snake:2 !(**   Snake:3 ((
Vaults:2 !   Vaults:4 !

Portals:
Hell: Depths:1 Depths:2 Depths:3 Depths:4
Abyss: Depths:3
Pandemonium: Depths:2
Ziggurat: Depths:4

Annotations:
Elf:1 3 runed translucent doors
Depths:1 exclusion: hell knight
Zot:5 exclusion: orange crystal statue
Pan Lom Lobon


Innate Abilities, Weirdness & Mutations

You have a pair of horns on your head.
You reflexively headbutt those who attack you in melee.
You sometimes lose your temper in combat.
Your mind is acute. (Int +4, Str/Dex -1)
You are clumsy. (Dex -2)
You are somewhat resistant to further mutation.
You expend magic power (3 MP) to strengthen your wands.


Message History

You resist.
* * * LOW HITPOINT WARNING * * *
The ball lightning explodes!
The blast of lightning engulfs you! You resist.
* * * LOW HITPOINT WARNING * * *
The blast of lightning engulfs the ball lightning.
The ball lightning completely resists.
The blast of lightning engulfs Lom Lobon.
Lom Lobon completely resists.
A ball lightning comes into view.
You feel better.
The ball lightning explodes!
The blast of lightning engulfs you! You resist.
* * * LOW HITPOINT WARNING * * *
Lom Lobon is engulfed in acidic fog.
Lom Lobon gestures.
Lom Lobon is healed.
You feel better.
The winds around Lom Lobon calm down.
Lom Lobon is engulfed in acidic fog.
The acid corrodes Lom Lobon!
The ball lightning explodes!
The blast of lightning engulfs the ball lightning.
The ball lightning completely resists.
The blast of lightning engulfs you but does no damage.
You barely miss the ball lightning.
The ball lightning explodes!
The blast of lightning engulfs you! You resist.
* * * LOW HITPOINT WARNING * * *
The blast of lightning engulfs the ball lightning.
The ball lightning completely resists.
The blast of lightning engulfs Lom Lobon.
Lom Lobon completely resists.
The ball lightning explodes!
The blast of lightning engulfs you! You resist.
* * * LOW HITPOINT WARNING * * *
You feel better.
Lom Lobon is no longer waterlogged.
Lom Lobon is engulfed in blazing flames.
Lom Lobon gestures at you.
Lom Lobon conjures a mighty blast of ice!
The great icy blast engulfs you!! You partially resist.
You die...

####.... ###......
##....... ~......
..... ...#######
#..#§....####
###@.§........#
##...§§§.........
##..°.§§§§........
#..°.○§§&.........
#....°☼§§§§§§.....
#...°§☼☼§§§§§.....
#....○☼☼~§~§§.....
##..°§§☼~~~§.....
##☼§§§§§~§.&....


You could see Lom Lobon (corroded).

Vanquished Creatures
  the Royal Jelly (Slime:5)
  Tiamat (Zot:1)
  3 ancient liches
  2 dread liches
  An orb of fire (Zot:4)
  Mennas (Crypt:2)
  3 juggernauts (Depths:3)
  37 royal mummies
  Boris (twice) (Crypt:1 Tomb:3)
  Frederick (Vaults:4)
  4 Killer Klowns
  3 pandemonium lords (Pan)
  Parghit (Zot:2)
  Vv (Depths:4)
  2 curse toes
  Saint Roka (Crypt:1)
  A caustic shrike (D:15)
  8 golden dragons
  Geryon (Hell)
  Jory (Vaults:3)
  A profane servitor (Crypt:3)
  Nikola (Shoals:3)
  2 bone dragons
  A doom hound (Depths:3)
  15 tentacled monstrosities
  An electric golem (Zot:5)
  12 Ice Fiends (Pan)
  A deep elf blademaster (Elf:2)
  6 liches
  12 Orb Guardians (Zot:5)
  4 Hell Sentinels (Pan)
  A titan (Vaults:4)
  2 deep elf master archers (Elf:3)
  15 sphinxes
  5 ancient champions
  23 Executioners (Pan)
  Polyphemus (Shoals:3)
  11 acid blobs
  6 quicksilver dragons
  13 death cobs
  2 krakens (Shoals:3)
  Kirke (Shoals:3)
  6 tengu reavers
  Aizul (Vaults:2)
  13 shadow dragons
  Ilsuiw (Shoals:3)
  Donald (Snake:3)
  5 azure jellies (Slime:5)
  7 storm dragons
  5 draconian knights
  6 demonspawn warmongers (Pan)
  15 deep elf sorcerers
  3 revenants
  9 nagarajas (Snake:4)
  The ghost of Age the Deadly Accurate, a journeyman MiFi of Gozag (Shoals:2)
  13 fire giants
  6 rockslimes
  19 vault wardens
  7 frost giants
  4 draconian monks
  10 balrugs
  5 draconian scorchers
  2 iron dragons
  A shard shrike simulacrum (Crypt:1)
  Louise (Snake:3)
  4 deep elf elementalists (Elf:3)
  6 imperial myrmidons (Desolation)
  A juggernaut zombie (Crypt:2)
  5 ghouls
  3 draconian stormcallers
  2 angels (Vaults:1)
  5 orc warlords
  A caustic shrike zombie (Tomb:3)
  4 curse skulls
  5 reapers
  5 cacodemons (Pan)
  5 draconian shifters
  36 stone giants
  A broodmother (shapeshifter) (Vaults:4)
  6 demonspawn blood saints (Pan)
  13 ironbound preservers
  16 very ugly things
  A juggernaut skeleton (Tomb:2)
  2 spriggan defenders (Depths:4)
  3 caustic shrike skeletons
  6 formless jellyfish
  5 war gargoyles
  9 quicksilver oozes (Slime:5)
  7 draconian annihilators
  7 deep elf demonologists
  14 ironbound thunderhulks
  9 vampire knights
  11 green draconians
  6 demonspawn black suns (Pan)
  10 bennus (Tomb:2)
  6 black draconians
  7 purple draconians
  5 lorocyprocas (Pan)
  5 yellow draconians
  8 dire elephants
  A halazid warlock (Desolation)
  5 red draconians
  12 white draconians
  5 spark wasps
  7 deep elf annihilators
  16 ettins
  5 blizzard demons
  3 crystal guardians
  A green death (Hell)
  6 deep elf death magi
  13 jiangshi
  8 yaktaur captains
  Josephine (D:15)
  21 mummy priests
  7 ragged hierophants (Desolation)
  4 iron golems
  6 deep elf high priests
  3 fire dragons
  A merfolk javelineer (Shoals:3)
  7 merfolk impalers
  A fenstrider witch zombie (Tomb:1)
  4 entropy weavers
  9 great orbs of eyes
  38 vault guards
  Erolcha (Orc:1)
  4 peacekeepers
  4 rakshasas
  6 servants of whispers (Desolation)
  The ghost of Sheldon the Grappler, a journeyman DrMo of Yredelemnul (Orc:2)
  3 alligator snapping turtles (Shoals:4)
  2 hell beasts (Pan)
  5 spriggan air magi
  A catoblepas (Shoals:3)
  7 ice dragons
  6 hydras
  2 centaur warriors
  An ogre mage (Vaults:5)
  3 anacondas
  A spriggan skeleton (Pan)
  A fenstrider witch skeleton (Crypt:1)
  10 two-headed ogres
  5 boulder beetles
  3 merfolk avatars
  5 ironbound frosthearts
  3 merfolk aquamancers
  3 death knights (Crypt:3)
  3 satyrs
  3 death yaks (Shoals:3)
  4 vampire magi
  25 dancing weapons
  60 death scarabs
  5 deep troll shamans
  12 naga warriors
  15 deep troll earth magi
  A hell hog (Hell)
  14 tengu warriors
  A titan zombie (Crypt:1)
  7 shock serpents
  31 hell knights
  10 demonic crawlers (Pan)
  7 naga sharpshooters
  7 spriggan berserkers
  13 soul eaters
  5 orc high priests (Orc:2)
  A titan skeleton (Crypt:1)
  28 sun demons
  21 deep elf knights
  9 shadow wraiths
  11 skysharks
  4 spriggans
  A storm dragon zombie (Vaults:4)
  An iron troll (shapeshifter) (Depths:1)
  28 skeletal warriors
  11 iron trolls
  13 sea snakes
  A salamander mystic (Snake:2)
  5 sixfirhies (Pan)
  A sea snake (shapeshifter) (Vaults:5)
  A storm dragon skeleton (Pan)
  Lodul (D:10)
  A bunyip zombie (Crypt:1)
  A glowing orange brain (shapeshifter) (Vaults:2)
  45 deep trolls
  A golden dragon zombie (Crypt:1)
  6 glowing orange brains
  2 anaconda zombies
  A shadow demon (Pan)
  7 naga ritualists
  12 harpies
  22 ironbound convokers
  A bog body (Crypt:2)
  19 deep elf archers
  6 flayed ghosts
  A bunyip skeleton (Crypt:1)
  19 necromancers
  37 deep elf pyromancers
  4 wizards
  8 lindwurms
  11 orc knights
  A spriggan simulacrum (Crypt:3)
  Pikel (D:4)
  11 phantasmal warriors
  An anaconda skeleton (Pan)
  An iron dragon zombie (Crypt:2)
  An alligator zombie (Hell)
  9 orc sorcerers
  33 deep elf zephyrmancers
  A stone giant zombie (Crypt:1)
  3 mana vipers
  17 ugly things
  14 fauns
  20 cyclopes
  A jorogumo skeleton (Crypt:2)
  9 moths of wrath
  A frost giant zombie (Crypt:1)
  18 manticores
  5 shining eyes
  An oklob plant (Lair:4)
  A stone giant skeleton (Pan)
  2 manticores (shapeshifter) (Vaults:5)
  A moth of wrath (shapeshifter) (Vaults:4)
  5 salamanders
  12 elephants (Lair:5)
  A fire giant skeleton (Vaults:4)
  6 merfolk sirens
  15 black mambas
  9 guardian serpents
  A human skeleton (Vaults:4)
  7 water nymphs
  23 vault sentinels
  A molten gargoyle (Depths:3)
  6 rust devils
  11 naga magi
  4 eyes of devastation
  10 orange demons (Pan)
  A titan simulacrum (Crypt:1)
  3 centaur skeletons
  16 smoke demons
  3 unseen horrors
  An anaconda simulacrum (Hell)
  4 dire elephant skeletons
  26 cane toads
  3 hellions
  8 rime drakes
  3 efreet
  7 freezing wraiths
  32 yaktaurs
  9 komodo dragons
  An unseen horror (shapeshifter) (D:15)
  A kobold demonologist (D:11)
  A purple draconian skeleton (Crypt:1)
  8 ice devils
  A hydra zombie (Hell)
  14 trolls
  47 guardian mummies
  20 merfolk
  2 red devils
  10 tengu conjurers
  2 hellwings (Pan)
  A harpy zombie (Crypt:2)
  10 wind drakes
  5 meliai
  A tarantella (Vaults:2)
  2 hydra skeletons (Hell)
  A tyrant leech (Lair:5)
  51 saltlings (Desolation)
  Grinder (D:5)
  11 polar bears
  A raiju (shapeshifter) (Elf:1)
  36 blink frogs
  5 hornets
  2 culicivora zombies
  9 snapping turtles
  3 dream sheep (Shoals:2)
  48 slime creatures
  3 harpy skeletons (Pan)
  20 large abominations
  75 flying skulls
  21 ushabtiu
  3 shadows (Crypt:3)
  3 wyverns
  A centaur simulacrum (Crypt:3)
  10 ynoxinuls (Pan)
  3 air elementals
  22 water elementals
  A black mamba skeleton (Pan)
  3 fire elementals
  3 hogs (Shoals:3)
  4 fire bats (Depths:2)
  Eustachio (D:5)
  An ice dragon skeleton (Pan)
  10 wraiths
  3 humans (D:14)
  54 yaks
  23 neqoxecs (Pan)
  5 vampire mosquitoes
  A basilisk (D:15)
  3 steam dragons
  2 sea snake simulacra (Hell)
  6 chaos spawn (Pan)
  A redback (Vaults:3)
  A water nymph zombie (Crypt:1)
  A swamp worm (shapeshifter) (Elf:2)
  32 nagas
  11 wargs
  Edmund (D:4)
  5 hell hounds (Hell)
  An entropy weaver zombie (Crypt:1)
  15 water moccasins
  A demonspawn skeleton (Pan)
  2 acid dragons
  A floating eye (D:15)
  3 naga skeletons
  12 black bears
  36 orc warriors
  5 ice beasts
  A human zombie (Vaults:4)
  3 sky beasts
  3 boggarts (Vaults:1)
  24 ogres
  12 centaurs
  13 wolves
  3 small abominations (Crypt:3)
  2 phantoms (D:6)
  3 elf zombies (Elf:1)
  3 kobold brigands
  23 bullfrogs
  Blork the orc (D:5)
  8 necrophages
  5 earth elementals
  4 gnoll sergeants
  2 scorpions
  An elf skeleton (Crypt:1)
  6 wights
  2 spriggan zombies
  8 killer bees (D:9)
  3 electric eels
  9 howler monkeys
  A centaur zombie (Crypt:2)
  3 hounds
  A gnoll bouda (D:7)
  2 jellies
  2 bullfrog skeletons (Crypt:2)
  11 orc priests
  Jessica (D:3)
  15 orc wizards
  6 iguanas
  A sleepcap (D:7)
  A deep dwarf skeleton (Crypt:2)
  52 mummies
  Robin (D:3)
  24 gnolls
  12 adders
  A shadow imp (D:6)
  2 white imps (D:6)
  2 ufetubi (D:7)
  2 worms
  5 dart slugs
  102 orcs
  5 endoplasms
  6 giant cockroaches
  13 goblins
  12 hobgoblins
  3 jackals (D:1)
  6 quokkas
  13 ball pythons
  11 bats
  3 frilled lizards
  A jackal skeleton (Crypt:1)
  23 kobolds
  7 rats
  3 ball lightnings (Pan)
  A creeping inferno (Hell)
  2 spectral weapons (Zot:5)
  2 tentacles (Shoals:3)
2995 creatures vanquished.

Vanquished Creatures (collateral kills)
  Gloorx Vloq (Pan)
  A halazid warlock (Desolation)
  2 ragged hierophants (Desolation)
  2 anacondas (Snake:2)
  A deep elf knight (Elf:2)
  A naga ritualist (Snake:2)
  An ironbound convoker (Desolation)
  A cyclops (Tomb:1)
  A black mamba (Snake:2)
  2 polar bears (Tomb:1)
  A naga (Snake:2)
  An ogre (Tomb:1)
15 creatures vanquished.

Vanquished Creatures (others)
  2 doom hounds (Hell)
  A shadow dragon (Depths:4)
  A draconian shifter (Zot:4)
  3 deep elf knights
  A glowing orange brain (Pan)
  A faun (Shoals:3)
  A manticore (Shoals:3)
  A merfolk siren (Shoals:3)
  A salamander (Snake:2)
  4 smoke demons (Pan)
  A hellwing (Pan)
  A saltling (Desolation)
  2 flying skulls (Crypt:3)
  An ushabti (Tomb:3)
  An orc (Crypt:1)
  9 ball lightnings (Pan)
  6 tentacles (Shoals:3)
37 creatures vanquished.

Grand Total: 3047 creatures vanquished

Notes
Turn   | Place    | Note
-------+----------+-------------------------------------------
     0 | D:1      | Joey1 the Minotaur Berserker began the quest for the Orb.
     0 | D:1      | Reached XP level 1. HP: 19/19 MP: 0/0
    74 | D:1      | Reached XP level 2. HP: 23/27 MP: 1/1
   197 | D:1      | Found a faded altar of an unknown god.
   364 | D:1      | Reached ** piety under Trog
   371 | D:1      | Found Maowash's Distillery.
   379 | D:1      | Bought a potion of curing for 36 gold pieces
   385 | D:1      | Reached XP level 3. HP: 33/33 MP: 2/2
   917 | D:2      | Reached XP level 4. HP: 40/40 MP: 3/3
  1617 | D:3      | Noticed Jessica
  1626 | D:3      | Killed Jessica
  1627 | D:3      | Reached skill level 5 in Axes
  1733 | D:3      | Noticed Robin
  1735 | D:3      | Reached XP level 5. HP: 47/47 MP: 4/4
  1740 | D:3      | Killed Robin
  2135 | D:4      | Found a staircase to the Ecumenical Temple.
  2153 | D:4      | Reached *** piety under Trog
  2380 | D:4      | Reached skill level 5 in Fighting
  2380 | D:4      | Reached XP level 6. HP: 44/56 MP: 5/5
  2526 | D:4      | Noticed Pikel
  2537 | D:4      | Killed Pikel
  2538 | D:4      | Reached skill level 5 in Armour
  2538 | D:4      | Reached XP level 7. HP: 47/61 MP: 6/6
  2583 | D:4      | Noticed Edmund
  2596 | D:4      | Killed Edmund
  3306 | D:2      | Identified the +0 robe "Weer" {Dex+4}
  3526 | D:5      | Entered Level 5 of the Dungeon
  3554 | D:5      | Reached **** piety under Trog
  3593 | D:5      | Noticed Grinder
  3606 | D:5      | Killed Grinder
  3607 | D:5      | Reached skill level 10 in Axes
  3607 | D:5      | Reached XP level 8. HP: 68/68 MP: 7/7
  3671 | D:5      | Noticed Blork the orc
  3679 | D:5      | Killed Blork the orc
  4000 | D:5      | Noticed Eustachio
  4094 | D:5      | Killed Eustachio
  4717 | D:1      | Bought a potion of heal wounds for 60 gold pieces
  4717 | D:1      | Bought a potion of haste for 120 gold pieces
  4717 | D:1      | Bought 2 potions of heal wounds for 120 gold pieces
  4717 | D:1      | Bought a potion of attraction for 36 gold pieces
  4960 | D:6      | Reached XP level 9. HP: 60/74 MP: 8/8
  5207 | D:6      | Reached ***** piety under Trog
  6364 | D:7      | Noticed a +0 dagger
  6365 | D:7      | Noticed a +0 dagger
  6366 | D:7      | Found a hide-covered altar of Uskayaw.
  6401 | D:7      | Reached XP level 10. HP: 79/86 MP: 9/9
  7334 | D:8      | Reached skill level 15 in Axes
  7475 | D:8      | Noticed a two-headed ogre
  7675 | D:8      | Found Efewyitz's Weapon Emporium.
  7739 | D:8      | Found Ygruloub's General Store.
  7747 | D:8      | Bought a scroll of fear for 56 gold pieces
  7747 | D:8      | Bought a scroll of teleportation for 42 gold pieces
  7747 | D:8      | Bought a wand of roots (2) for 67 gold pieces
  7941 | D:8      | Killed a two-headed ogre
  8139 | D:9      | Paralysed by a hornet for 1 turns
  8249 | D:9      | Found a staircase to the Orcish Mines.
  8418 | D:9      | Identified the +13 broad axe of Ebeigig {heavy, *Rage rN+
                  | Str+2} (Trog gifted it to you on level 9 of the Dungeon)
  8418 | D:9      | Received a gift from Trog
  8460 | D:9      | Noticed a two-headed ogre
  8472 | D:9      | Killed a two-headed ogre
  8473 | D:9      | Reached skill level 10 in Fighting
  8667 | D:9      | Reached XP level 11. HP: 96/99 MP: 10/10
  8833 | D:9      | Noticed a two-headed ogre
  8846 | D:9      | Killed a two-headed ogre
  9037 | D:9      | Found a basalt altar of Yredelemnul.
  9043 | D:9      | Found a glowing silver altar of Zin.
  9044 | D:9      | Found a stormy altar of Qazlal.
  9044 | D:9      | Found a shadowy altar of Dithmenos.
  9045 | D:9      | Found a radiant altar of Vehumet.
  9048 | D:9      | Found a white marble altar of Elyvilon.
  9588 | D:10     | Entered Level 10 of the Dungeon
  9627 | D:10     | Noticed Lodul
  9662 | D:10     | Reached ****** piety under Trog
  9667 | D:10     | Reached skill level 10 in Armour
  9818 | D:10     | Killed Lodul
 10416 | D:11     | Noticed a boulder beetle
 10422 | D:11     | Killed a boulder beetle
 10580 | D:11     | Reached skill level 1 in Evocations
 10968 | D:11     | Found a staircase to the Lair.
 11430 | Lair:1   | Entered Level 1 of the Lair of Beasts
 11519 | Lair:1   | Identified the +3 broad axe of Chaos {heavy, Str+4} (Trog
                  | gifted it to you on level 1 of the Lair of Beasts)
 11519 | Lair:1   | Received a gift from Trog
 11593 | Lair:1   | Reached XP level 12. HP: 88/106 MP: 11/11
 11595 | Lair:1   | Reached skill level 5 in Evocations
 12910 | Lair:2   | Noticed a six-headed hydra
 12922 | Lair:2   | Killed a six-headed hydra
 13770 | Lair:3   | Noticed an eight-headed hydra
 13779 | Lair:3   | Killed a nine-headed hydra
 13928 | Lair:3   | Found a staircase to the Shoals.
 14162 | Lair:3   | Reached XP level 13. HP: 100/119 MP: 12/12
 14454 | Lair:3   | Found a staircase to the Snake Pit.
 15081 | Lair:3   | Found a staircase to the Shoals.
 15173 | Lair:3   | Found a staircase to the Snake Pit.
 15983 | Lair:4   | Found a staircase to the Slime Pits.
 15990 | Lair:4   | Found a viscous altar of Jiyva.
 16265 | Lair:4   | Received a gift from Trog
 16492 | Lair:4   | Reached skill level 10 in Evocations
 16720 | Lair:5   | Entered Level 5 of the Lair of Beasts
 16839 | Lair:5   | Reached skill level 15 in Fighting
 17623 | Lair:5   | Received a gift from Trog
 17991 | Lair:5   | Reached XP level 14. HP: 110/135 MP: 13/13
 19147 | Orc:1    | Entered Level 1 of the Orcish Mines
 19147 | Orc:1    | Noticed Erolcha
 19152 | Orc:1    | Killed Erolcha
 19364 | Orc:1    | Found Fewk's Distillery.
 19376 | Orc:1    | Bought a potion of mutation for 104 gold pieces
 19447 | Orc:1    | Received a gift from Trog
 19448 | Orc:1    | Noticed an orc warlord
 19452 | Orc:1    | Reached skill level 1 in Shields
 19458 | Orc:1    | Killed an orc warlord
 19701 | Orc:2    | Entered Level 2 of the Orcish Mines
 19701 | Orc:2    | Noticed Sheldon's ghost (journeyman DrMo)
 19853 | Orc:2    | Found a runed translucent door.
 19922 | Orc:2    | Found a gateway to a bazaar.
 20087 | Orc:2    | Found Koukhafi's Antique Weapon Boutique.
 20088 | Orc:2    | Found a staircase to the Elven Halls.
 20115 | Orc:2    | Reached skill level 5 in Shields
 20167 | Orc:2    | Found Maufuf's Antique Armour Shoppe.
 20212 | Orc:2    | Noticed an orc warlord
 20219 | Orc:2    | Killed an orc warlord
 20254 | Orc:2    | Found Ojus's Jewellery Shoppe.
 20342 | Orc:2    | Found Buski's General Store.
 20358 | Orc:2    | Bought a potion of heal wounds for 60 gold pieces
 20358 | Orc:2    | Bought 2 potions of degeneration for 24 gold pieces
 20358 | Orc:2    | Bought a scroll of blinking for 90 gold pieces
 20424 | Orc:2    | Killed Sheldon's ghost
 20537 | Orc:2    | Bought the ring of Ceasod {rPois rF+ rCorr Str+6} for 717
                  | gold pieces
 21272 | D:12     | Upgraded the game from 0.31-a0-836-g3ceb0a68c4 to
                  | 0.31-a0-841-g038b102fc3
 21561 | D:13     | Reached XP level 15. HP: 144/144 MP: 14/14
 22495 | D:14     | Found a gate to the Vaults.
 22703 | D:15     | Entered Level 15 of the Dungeon
 22912 | D:15     | Noticed Josephine
 22917 | D:15     | Killed Josephine
 23034 | D:15     | Received a gift from Trog
 23207 | D:15     | Reached skill level 10 in Shields
 23288 | D:15     | Found a staircase to the Depths.
 23671 | Shoals:1 | Entered Level 1 of the Shoals
 24799 | Shoals:2 | Found a runed translucent door.
 24800 | Shoals:2 | Noticed Age's ghost (journeyman MiFi)
 24870 | Shoals:2 | Reached XP level 16. HP: 55/155 MP: 15/15
 25627 | Shoals:2 | Killed Age's ghost
 25627 | Shoals:2 | Received a gift from Trog
 25704 | Shoals:3 | Noticed Nikola
 25706 | Shoals:3 | Noticed Kirke
 25707 | Shoals:3 | Noticed Ilsuiw
 25838 | Snake:1  | Entered Level 1 of the Snake Pit
 26035 | Snake:1  | Reached skill level 15 in Shields
 26113 | Snake:1  | You fall into a shaft and drop 1 floor!
 26293 | Snake:2  | HP: 1/155 [shock serpent (11)]
 26415 | Snake:2  | Found Miruud's Antique Weapon Shoppe.
 26722 | Snake:2  | Found Pony's Distillery.
 26729 | Snake:2  | Bought a potion of lignification for 51 gold pieces
 26729 | Snake:2  | Bought 2 potions of lignification for 102 gold pieces
 26729 | Snake:2  | Bought a potion of heal wounds for 85 gold pieces
 26729 | Snake:2  | Bought a potion of curing for 51 gold pieces
 26729 | Snake:2  | Bought a potion of might for 68 gold pieces
 28109 | Snake:2  | Found Olurr's Assorted Antiques.
 28320 | Snake:2  | Found Xaeqeuf's General Store.
 28328 | Snake:2  | Bought a potion of magic for 96 gold pieces
 28328 | Snake:2  | Bought a potion of heal wounds for 60 gold pieces
 28821 | Snake:3  | Noticed Donald
 28991 | Snake:3  | Killed Donald
 29590 | Snake:3  | Found Fegogi's Antique Weapon Boutique.
 29591 | Snake:3  | Noticed Louise
 29601 | Snake:3  | Killed Louise
 29606 | Snake:3  | Found Susum's Antique Weapon Shop.
 29989 | Snake:4  | Entered Level 4 of the Snake Pit
 30058 | Snake:4  | Reached XP level 17. HP: 131/161 MP: 16/16
 30394 | Snake:4  | Identified the +11 broad axe of Ruurch {heavy, Dex+4} (Trog
                  | gifted it to you on level 4 of the Snake Pit)
 30394 | Snake:4  | Received a gift from Trog
 30782 | Snake:4  | Got a serpentine rune of Zot
 31085 | Shoals:3 | Killed Nikola
 31286 | Shoals:3 | Killed Ilsuiw
 31371 | Shoals:3 | Noticed Polyphemus
 31384 | Shoals:3 | Killed Polyphemus
 31527 | Shoals:3 | Killed Kirke
 31552 | Shoals:3 | Identified the +1 chain mail of Apsacobu {rElec rC+ Int+5}
 32054 | Shoals:3 | Noticed a kraken
 32060 | Shoals:3 | Killed a kraken
 32074 | Shoals:3 | Noticed a kraken
 32081 | Shoals:3 | Killed a kraken
 32718 | Vaults:1 | Entered Level 1 of the Vaults
 32730 | Vaults:1 | Found a glowing silver altar of Zin.
 32742 | Vaults:1 | Found a crumbling gateway.
 32744 | Vaults:1 | Found a glowing golden altar of the Shining One.
 32744 | Vaults:1 | Found a white marble altar of Elyvilon.
 32759 | Desolati | Entered the Desolation of Salt
 33007 | Desolati | Received a gift from Trog
 33055 | Desolati | Identified the +11 halberd of Okawaru's Generosity
                  | {protect, rElec Will+}
 33305 | Desolati | Identified the ring "Jaroh" {rN+ Str+2 Int+6}
 33321 | Desolati | Identified the +1 ring mail "Yvorgh Aral" {rC- Str+6 SInv}
 33439 | Desolati | Reached XP level 18. HP: 165/170 MP: 17/17
 33454 | Desolati | Received a gift from Trog
 34019 | Desolati | Identified the ring "Guwuiff" {*Slow Fly rPois rC+}
 34020 | Desolati | Identified the +2 pair of boots of Liapec Dyps {Will+}
 34032 | Desolati | Identified the +3 orcbow "Orb Guardian's Regret" {heavy,
                  | rN+ Str+2 Dex+4}
 34035 | Desolati | Identified the +7 flail "Moishas" {freeze, Int+5}
 34683 | Vaults:1 | Received a gift from Trog
 35324 | Vaults:2 | Noticed Aizul
 35336 | Vaults:2 | Killed Aizul
 35459 | Vaults:2 | Received a gift from Trog
 35459 | Vaults:2 | Identified the ring "Wil Finn" {Ice rElec Int-3 Dex+5
                  | Stlth+}
 35562 | Vaults:2 | Found Diedin's Distillery.
 35641 | Vaults:2 | Identified the +0 leather armour of the Sky {Harm}
 35652 | Vaults:2 | Identified the +0 ring mail "Ismyint" {rElec rC+ Will+
                  | Dex-4}
 35682 | Vaults:2 | Identified the +3 cloak "Uguj" {rElec Int-3 Stlth+}
 36120 | Vaults:2 | Reached XP level 19. HP: 185/185 MP: 18/18
 36358 | Vaults:2 | Reached skill level 15 in Evocations
 36695 | Vaults:3 | Received a gift from Trog
 36766 | Vaults:3 | Found a staircase to the Crypt.
 36766 | Vaults:3 | Found an ancient bone altar of Kikubaaqudgha.
 36766 | Vaults:3 | Found a basalt altar of Yredelemnul.
 37084 | Vaults:3 | Noticed Jory
 37113 | Vaults:3 | Killed Jory
 37782 | Vaults:3 | Identified the +0 leather armour of Vuirghio {*Corrode rC+
                  | Int+3 SInv}
 37951 | Vaults:3 | Reached skill level 1 in Invocations
 38179 | Vaults:4 | Received a gift from Trog
 38365 | Vaults:4 | Reached skill level 5 in Invocations
 38436 | Vaults:4 | HP: 9/191 [twister/vortex[a Zot trap] (14)]
 38743 | Vaults:4 | Reached skill level 5 in Dodging
 38789 | Vaults:4 | Noticed Frederick
 38794 | Vaults:4 | Killed Frederick
 38970 | Vaults:4 | Reached XP level 20. HP: 189/195 MP: 22/22
 38970 | Vaults:4 | Found Siont's Distillery.
 38985 | Vaults:4 | Identified the +0 scale mail of Gaethuru {Rampage rF+
                  | Regen+ Stlth-}
 39030 | Vaults:4 | Reached skill level 15 in Armour
 39131 | Vaults:4 | Identified the +8 broad axe "Plog" {flame, Dex+2} (Trog
                  | gifted it to you on level 4 of the Vaults)
 39131 | Vaults:4 | Received a gift from Trog
 39881 | Shoals:4 | Entered Level 4 of the Shoals
 40175 | Shoals:4 | Got a barnacled rune of Zot
 40393 | Shoals:4 | Identified the +7 scale mail of Tartarus {rCorr Str+3
                  | Int+3}
 41099 | Elf:1    | Entered Level 1 of the Elven Halls
 41099 | Elf:1    | Found a runed translucent gate.
 41099 | Elf:1    | Found a runed translucent gate.
 41099 | Elf:1    | Found a runed translucent gate.
 41099 | Elf:1    | Found a runed translucent gate.
 41099 | Elf:1    | Found a runed translucent gate.
 41099 | Elf:1    | Found a runed translucent gate.
 41195 | Bazaar   | Entered a bazaar
 41195 | Bazaar   | Found Foywk's Book Shop.
 41195 | Bazaar   | Found Kuetil's Antique Armour Emporium.
 41195 | Bazaar   | Found Rig Ucla's Antique Armour Shop.
 41195 | Bazaar   | Found Jaluunet's Weapon Shoppe.
 41197 | Bazaar   | Found Ythiclau's Armour Boutique.
 41197 | Bazaar   | Found Myoppydd's Antique Weapon Shoppe.
 41263 | Bazaar   | Bought a glowing hat for 112 gold pieces
 41294 | Bazaar   | Bought a pair of runed gloves for 157 gold pieces
 41928 | Elf:1    | Found a runed translucent door.
 41954 | Elf:1    | Received a gift from Trog
 42166 | Elf:1    | Found a runed translucent door.
 42206 | Elf:1    | Paralysed by an air elemental for 1 turns
 42212 | Elf:1    | Paralysed by an air elemental for 1 turns
 42556 | Elf:1    | Received a gift from Trog
 43010 | Elf:2    | Paralysed by an air elemental for 1 turns
 43017 | Elf:2    | Found a shimmering blue altar of Sif Muna.
 43017 | Elf:2    | Found Yblag's Distillery.
 43034 | Elf:2    | Bought a potion of heal wounds for 70 gold pieces
 43034 | Elf:2    | Bought a potion of might for 56 gold pieces
 43119 | Elf:2    | Received a gift from Trog
 43127 | Elf:2    | Found a runed translucent gate.
 43128 | Elf:2    | Found a runed translucent gate.
 43128 | Elf:2    | Found a runed translucent gate.
 43278 | Elf:2    | Reached XP level 21. HP: 189/214 MP: 23/23
 43994 | Elf:3    | Entered Level 3 of the Elven Halls
 44156 | Elf:3    | Received a gift from Trog
 44493 | Elf:3    | Identified the +1 robe "Foqihe" {Int+4}
 44512 | Elf:3    | Identified the +12 war axe "Waqonont" {freeze, rElec Str+5}
 44512 | Elf:3    | Identified the ring of Zilaqe {rF+ MP+9}
 44745 | Elf:3    | Paralysed by an air elemental for 1 turns
 44887 | Elf:3    | Found the +8 storm bow {elec, penet}
 44890 | Elf:3    | Identified the staff "Pahirr" {rN+ rCorr Str+3 SInv Necro}
 44894 | Elf:3    | Identified the +7 long sword of Awkwardness {heavy, *Noise
                  | Int+7}
 44898 | Elf:3    | Identified the +2 rapier of Fedhas's Regard {flame, rPois
                  | rN++ Dex-4 Stlth+}
 44921 | Elf:3    | Identified the +11 short sword of Eternal War {venom,
                  | Contam rElec Str+4}
 44928 | Elf:3    | Identified the +7 dagger of the Heavens {drain, *Noise
                  | Int+8 Stlth-}
 44941 | Elf:3    | Identified the staff of Untimely Demise {rElec rN+ Str+2
                  | Int+4 SInv Necro}
 45890 | Vaults:5 | Entered Level 5 of the Vaults
 45969 | Vaults:4 | Reached skill level 1 in Throwing
 45972 | Vaults:4 | Received a gift from Trog
 46093 | Vaults:5 | Noticed a dread lich
 46357 | Vaults:4 | Reached skill level 5 in Throwing
 46359 | Vaults:4 | Killed a dread lich
 46796 | Vaults:5 | Identified the +6 long sword "Coegezet" {flame, rF++ MP+9}
 47461 | Vaults:5 | Reached XP level 22. HP: 105/226 MP: 10/24
 47466 | Vaults:4 | Identified the +7 hand axe of the Thing {heavy, rElec rPois
                  | rN+++ Str-4} (Trog gifted it to you on level 4 of the
                  | Vaults)
 47466 | Vaults:4 | Received a gift from Trog
 48149 | Vaults:5 | Noticed a golden dragon
 48163 | Vaults:5 | Killed a golden dragon
 48164 | Vaults:5 | Reached skill level 10 in Throwing
 48180 | Vaults:5 | Paralysed by a sphinx for 3 turns
 48609 | Vaults:5 | Got a silver rune of Zot
 48949 | Vaults:5 | Identified the +1 robe "Tosch" {rN+}
 49231 | Vaults:5 | Received a gift from Trog
 49393 | Vaults:5 | Identified the staff "Zupirgh" {rElec rC- rN+ Int+4 Hexes
                  | Air}
 49396 | Vaults:5 | Identified the staff "Numoqak" {rElec rC+ rN+ MP+9 Str-4
                  | Air}
 49555 | Vaults:5 | Identified the +4 dagger "Pecroo" {drain, rF+ rN+++ Will-
                  | Stlth+}
 49558 | Vaults:5 | Identified the +0 pair of gloves of Polish {rN+ Will- rCorr
                  | Dex+6}
 49601 | Vaults:5 | Noticed a dread lich
 49612 | Vaults:5 | Killed a dread lich
 49683 | Vaults:5 | Identified the +2 short sword "Stringbean" {protect, rC++}
 49952 | Depths:1 | Entered Level 1 of the Depths
 49953 | Depths:1 | Noticed a caustic shrike
 49965 | D:15     | Killed a caustic shrike
 50181 | Depths:1 | Paralysed by a floating eye for 4 turns
 50197 | D:15     | Received a gift from Trog
 50540 | Depths:1 | Reached skill level 10 in Invocations
 50972 | Depths:1 | Identified the +7 war axe of the Iron City of Dis
                  | {antimagic, Str+4} (Trog gifted it to you on level 1 of the
                  | Depths)
 50972 | Depths:1 | Received a gift from Trog
 51071 | Depths:1 | Found a gateway to Hell.
 51374 | Depths:1 | Identified the +1 broad axe "Bykh" {spect, rN+}
 51693 | Depths:1 | Reached XP level 23. HP: 141/234 MP: 18/30
 51776 | Depths:2 | Found a flickering gateway to a bazaar.
 51800 | Bazaar   | Entered a bazaar
 51802 | Bazaar   | Found Wibijik's Weapon Shoppe.
 51811 | Bazaar   | Found Gonucada's Book Boutique.
 51818 | Bazaar   | Found Hoblosho's Magic Scroll Boutique.
 51826 | Bazaar   | Bought a scroll of teleportation for 27 gold pieces
 51826 | Bazaar   | Bought a scroll of poison for 36 gold pieces
 51830 | Bazaar   | Found Towkij's Antique Armour Shop.
 51835 | Bazaar   | Found Potwizuc's Armour Emporium.
 52174 | Depths:2 | Found a one-way gate leading to the halls of Pandemonium.
 52407 | Depths:2 | Identified the +8 glaive of Huimodor {venom, rCorr Int+4}
 52626 | Depths:2 | Identified the +11 mace of Dishonesty {heavy, Str+3}
 52815 | Depths:3 | Received a gift from Trog
 52884 | Depths:3 | Noticed a juggernaut
 52885 | Depths:3 | Noticed an ancient lich
 52894 | Depths:3 | Killed a juggernaut
 52900 | Depths:3 | Killed an ancient lich
 53009 | Depths:3 | Identified the +5 long sword of Wogupiwn {heavy, rElec
                  | Int+3}
 53017 | Depths:3 | Noticed a juggernaut
 53024 | Depths:3 | Killed a juggernaut
 53072 | Depths:3 | Noticed a juggernaut
 53081 | Depths:3 | Killed a juggernaut
 53087 | Depths:3 | Identified the +1 shortbow of the Lair of Beasts {elec,
                  | Str+4}
 53154 | Depths:3 | Reached skill level 15 in Invocations
 53264 | Depths:3 | Found a one-way gate to the infinite horrors of the Abyss.
 53568 | Depths:3 | Found a shimmering blue altar of Sif Muna.
 53863 | Depths:4 | Entered Level 4 of the Depths
 53905 | Depths:4 | Received a gift from Trog
 54360 | Depths:4 | Found a one-way gateway to a ziggurat.
 54542 | Depths:4 | Identified the +7 short sword of Extremism {protect, Will-
                  | Str+3 SInv}
 54610 | Depths:4 | Noticed Vv
 54632 | Depths:4 | Killed Vv
 55133 | Depths:4 | Found a gate to the Realm of Zot.
 55873 | Slime:1  | Entered Level 1 of the Pits of Slime
 55922 | Slime:2  | Gained mutation: You occasionally lose the ability to read
                  | scrolls when taking damage. [a shining eye]
 55932 | Slime:1  | Lost mutation: You occasionally lose the ability to read
                  | scrolls when taking damage. [potion of mutation]
 55932 | Slime:1  | Gained mutation: You are dopey. (Int -2) [potion of
                  | mutation]
 55932 | Slime:1  | Gained mutation: You expend magic power (3 MP) to
                  | strengthen your wands. [potion of mutation]
 55932 | Slime:1  | Gained mutation: You have sharp fingernails. [potion of
                  | mutation]
 55981 | Slime:3  | Reached XP level 24. HP: 242/242 MP: 34/34
 56015 | Slime:5  | Entered Level 5 of the Pits of Slime
 56123 | Slime:5  | Received a gift from Trog
 56232 | Slime:5  | Noticed the Royal Jelly
 56260 | Slime:5  | Killed the Royal Jelly
 56649 | Slime:5  | Identified the +7 quarterstaff of Wrath {antimagic, rC+
                  | Int-4 Stlth+}
 56718 | Slime:5  | Gained mutation: Your magical capacity is low. (-10% MP) [a
                  | shining eye]
 56733 | Slime:5  | Identified a scroll of acquirement
 56737 | Slime:5  | Acquired a manual of Dodging
 56855 | Slime:5  | Identified the staff "Dragonslayer" {rF+++ rN+ MP+9 Conj}
 56857 | Slime:5  | Got a slimy rune of Zot
 56858 | Slime:5  | Identified the +8 sling "Baavvoz" {heavy, rPois}
 56926 | Slime:5  | Identified the +7 great mace of the Past {freeze, Will+
                  | Str-2 Dex+3 Stlth+}
 56927 | Slime:5  | Identified the +6 trident of the Immovable Violins {pain,
                  | Contam +Blink Will+ MP+9 SInv}
 56930 | Slime:5  | Identified the +0 robe of the Dungeon {rElec}
 57193 | Slime:5  | Lost mutation: You expend magic power (3 MP) to strengthen
                  | your wands. [potion of mutation]
 57193 | Slime:5  | Lost mutation: Your magical capacity is low. (-10% MP)
                  | [potion of mutation]
 57193 | Slime:5  | Gained mutation: You are clumsy. (Dex -2) [potion of
                  | mutation]
 57194 | Slime:5  | Lost mutation: You have sharp fingernails. [potion of
                  | mutation]
 57194 | Slime:5  | Lost mutation: You are dopey. (Int -2) [potion of mutation]
 57194 | Slime:5  | Gained mutation: Your body sometimes deteriorates upon
                  | taking damage. [potion of mutation]
 57194 | Slime:5  | Gained mutation: You do not regenerate when monsters are
                  | visible. [potion of mutation]
 57194 | Slime:5  | Gained mutation: You have a pair of large horns on your
                  | head. [potion of mutation]
 57195 | Slime:5  | Lost mutation: Your body sometimes deteriorates upon taking
                  | damage. [potion of mutation]
 57195 | Slime:5  | Lost mutation: You do not regenerate when monsters are
                  | visible. [potion of mutation]
 57195 | Slime:5  | Gained mutation: You passively dampen the noise of your
                  | surroundings. [potion of mutation]
 57195 | Slime:5  | Gained mutation: You expend magic power (3 MP) to
                  | strengthen your wands. [potion of mutation]
 57578 | Zot:1    | Entered Level 1 of the Realm of Zot
 58054 | Zot:1    | Found the +4 dragonskin cloak
 58054 | Zot:1    | Noticed Tiamat
 58072 | Zot:1    | Killed Tiamat
 59196 | Zot:2    | Reached skill level 10 in Dodging
 59403 | Zot:2    | Received a gift from Trog
 60155 | Zot:2    | Identified the +1 plate armour "Diacwig" {+Inv Dex+2}
 60450 | Zot:2    | Reached skill level 15 in Dodging
 61155 | Zot:3    | Noticed a Killer Klown
 61170 | Zot:3    | Killed a Killer Klown
 61220 | Zot:3    | Acquired a manual of Dodging
 61397 | Zot:3    | Noticed a Killer Klown
 61403 | Zot:3    | Killed a Killer Klown
 61636 | Zot:3    | Reached XP level 25. HP: 113/249 MP: 19/36
 61949 | Zot:3    | Noticed Parghit
 61969 | Zot:2    | Killed Parghit
 62329 | Zot:4    | Received a gift from Trog
 62471 | Zot:4    | Noticed an orb of fire
 62480 | Zot:4    | Killed an orb of fire
 62497 | Zot:5    | Entered Level 5 of the Realm of Zot
 63883 | Zot:4    | Upgraded the game from 0.31-a0-841-g038b102fc3 to
                  | 0.31-a0-844-gdc52ec4e09
 64031 | Zot:5    | Found Ufus's Changing Room.
 64591 | Zot:5    | Noticed an ancient lich
 64604 | Zot:5    | Noticed a Killer Klown
 64614 | Zot:5    | Killed an ancient lich
 64615 | Zot:5    | Killed a Killer Klown
 64647 | Zot:5    | Noticed a Killer Klown
 65041 | Zot:5    | Killed a Killer Klown
 65082 | Zot:5    | Gained mutation: You occasionally lose the ability to read
                  | scrolls when taking damage. [mutagenic glow]
 65084 | Zot:5    | Lost mutation: You expend magic power (3 MP) to strengthen
                  | your wands. [potion of mutation]
 65084 | Zot:5    | Lost mutation: You passively dampen the noise of your
                  | surroundings. [potion of mutation]
 65084 | Zot:5    | Gained mutation: Armour fits poorly on your strangely
                  | shaped body. [potion of mutation]
 65116 | Zot:4    | Gained mutation: Your magical capacity is low. (-10% MP)
                  | [mutagenic glow]
 65144 | Zot:4    | Gained mutation: You occasionally shout uncontrollably at
                  | your foes. [mutagenic glow]
 65531 | Vaults:4 | Bought 2 potions of mutation for 192 gold pieces
 65531 | Vaults:4 | Bought a potion of curing for 36 gold pieces
 65531 | Vaults:4 | Bought a potion of might for 48 gold pieces
 65531 | Vaults:4 | Bought a potion of lignification for 36 gold pieces
 65531 | Vaults:4 | Bought a potion of curing for 36 gold pieces
 65862 | Elf:2    | Bought a potion of lignification for 42 gold pieces
 65862 | Elf:2    | Bought 2 potions of lignification for 84 gold pieces
 65862 | Elf:2    | Bought a potion of mutation for 112 gold pieces
 66127 | D:1      | Bought a potion of attraction for 36 gold pieces
 66127 | D:1      | Bought a potion of curing for 36 gold pieces
 66127 | D:1      | Bought a potion of mutation for 96 gold pieces
 66425 | Vaults:1 | Fell from the grace of Trog
 66425 | Vaults:1 | Became a worshipper of the Shining One
 66578 | Crypt:1  | Entered Level 1 of the Crypt
 66598 | Crypt:1  | Noticed Saint Roka
 66609 | Crypt:1  | Killed Saint Roka
 66649 | Vaults:3 | Lost mutation: Your magical capacity is low. (-10% MP)
                  | [potion of mutation]
 66649 | Vaults:3 | Lost mutation: You occasionally shout uncontrollably at
                  | your foes. [potion of mutation]
 66649 | Vaults:3 | Lost mutation: You are clumsy. (Dex -2) [potion of
                  | mutation]
 66649 | Vaults:3 | Gained mutation: You are somewhat resistant to further
                  | mutation. [potion of mutation]
 66649 | Vaults:3 | Gained mutation: Your body sometimes deteriorates upon
                  | taking damage. [potion of mutation]
 66650 | Vaults:3 | Lost mutation: You have a pair of large horns on your head.
                  | [potion of mutation]
 66650 | Vaults:3 | Lost mutation: Armour fits poorly on your strangely shaped
                  | body. [potion of mutation]
 66650 | Vaults:3 | Gained mutation: You occasionally lose the ability to drink
                  | potions when taking damage. [potion of mutation]
 66651 | Vaults:3 | Lost mutation: You occasionally lose the ability to drink
                  | potions when taking damage. [potion of mutation]
 66651 | Vaults:3 | Lost mutation: Your body sometimes deteriorates upon taking
                  | damage. [potion of mutation]
 66652 | Vaults:3 | Lost mutation: You occasionally lose the ability to read
                  | scrolls when taking damage. [potion of mutation]
 66652 | Vaults:3 | Lost mutation: You are somewhat resistant to further
                  | mutation. [potion of mutation]
 66652 | Vaults:3 | Gained mutation: Your mind is acute. (Int +4, Str/Dex -1)
                  | [potion of mutation]
 66652 | Vaults:3 | Gained mutation: You occasionally lose the ability to read
                  | scrolls when taking damage. [potion of mutation]
 66652 | Vaults:3 | Gained mutation: You are clumsy. (Dex -2) [potion of
                  | mutation]
 66780 | Crypt:1  | Reached * piety under the Shining One
 66795 | Crypt:1  | Reached ** piety under the Shining One
 66970 | Crypt:1  | Noticed Boris
 66978 | Crypt:1  | Killed Boris
 67030 | Crypt:1  | Reached *** piety under the Shining One
 67568 | Crypt:2  | Reached **** piety under the Shining One
 67724 | Crypt:2  | Noticed Mennas
 67742 | Crypt:2  | Killed Mennas
 67842 | Crypt:2  | Reached ***** piety under the Shining One
 68518 | Crypt:3  | Entered Level 3 of the Crypt
 68595 | Crypt:3  | Reached ****** piety under the Shining One
 68607 | Crypt:3  | Identified a +9 broad axe of holy wrath (a +9 broad axe of
                  | flaming blessed by the Shining One)
 68607 | Crypt:3  | Received a gift from the Shining One
 68781 | Crypt:3  | Found a basalt altar of Yredelemnul.
 68793 | Crypt:3  | Reached XP level 26. HP: 264/264 MP: 37/37
 68850 | Crypt:3  | Reached skill level 27 in Fighting
 68916 | Crypt:3  | Identified the ring of the Gloaming {Drain rN+ Dex+6}
 68916 | Crypt:3  | Identified the ring "Novvydgh" {rElec rN+ Str+2 Slay-5
                  | SInv}
 68916 | Crypt:3  | Identified the ring of Lif Xu Qergh {rElec rN+ Int+2}
 69194 | Crypt:3  | Found a staircase to the Tomb.
 69194 | Crypt:3  | Noticed an ancient lich
 69198 | Crypt:3  | Killed an ancient lich
 69243 | Crypt:3  | Found the +4 robe of Augmentation {Str+4 Int+4 Dex+4}
 69401 | Crypt:3  | Identified the +1 bardiche of Saxestri {drain, Drain rC+
                  | Will+}
 70071 | Tomb:1   | Entered Level 1 of the Tomb of the Ancients
 70304 | Tomb:1   | Noticed a royal mummy
 70311 | Tomb:1   | Killed a royal mummy
 71452 | D:14     | Got an innocuous book
 72554 | Tomb:2   | Noticed a royal mummy
 72554 | Tomb:2   | Noticed a royal mummy
 72554 | Tomb:2   | Noticed a royal mummy
 72556 | Tomb:2   | Noticed a royal mummy
 72564 | Tomb:2   | Killed a royal mummy
 72565 | Tomb:2   | Killed a royal mummy
 72568 | Tomb:2   | Killed a royal mummy
 72572 | Tomb:2   | Killed a royal mummy
 72876 | Tomb:2   | Lost mutation: Your mind is acute. (Int +4, Str/Dex -1)
                  | [potion of mutation]
 72876 | Tomb:2   | Lost mutation: You are clumsy. (Dex -2) [potion of
                  | mutation]
 72876 | Tomb:2   | Lost mutation: You occasionally lose the ability to read
                  | scrolls when taking damage. [potion of mutation]
 72876 | Tomb:2   | Gained mutation: You occasionally shout uncontrollably at
                  | your foes. [potion of mutation]
 72876 | Tomb:2   | Gained mutation: Your mind is acute. (Int +4, Str/Dex -1)
                  | [potion of mutation]
 72920 | Tomb:1   | Noticed a royal mummy
 72920 | Tomb:1   | Noticed a royal mummy
 72920 | Tomb:1   | Noticed a royal mummy
 72926 | Tomb:1   | Noticed a royal mummy
 72927 | Tomb:1   | Noticed a royal mummy
 72929 | Tomb:1   | Killed a royal mummy
 72929 | Tomb:1   | Killed a royal mummy
 72930 | Tomb:1   | Killed a royal mummy
 72931 | Tomb:1   | Killed a royal mummy
 72931 | Tomb:1   | Noticed a royal mummy
 72933 | Tomb:1   | Noticed a royal mummy
 72933 | Tomb:1   | Killed a royal mummy
 72943 | Tomb:1   | Killed a royal mummy
 72946 | Tomb:1   | Killed a royal mummy
 73000 | Tomb:1   | Noticed a royal mummy
 73009 | Tomb:1   | Killed a royal mummy
 73094 | Tomb:1   | Noticed a royal mummy
 73102 | Tomb:1   | Killed a royal mummy
 73171 | Tomb:1   | Noticed a royal mummy
 73180 | Tomb:1   | Noticed a royal mummy
 73181 | Tomb:1   | Killed a royal mummy
 73203 | Tomb:1   | Killed a royal mummy
 73244 | Tomb:1   | HP: 13/266 [iron troll[the rage of Trog] (15)]
 73246 | Tomb:1   | The Shining One protects you from harm!
 73653 | Tomb:1   | Noticed a royal mummy
 73662 | Tomb:1   | Noticed a royal mummy
 73663 | Tomb:1   | Killed a royal mummy
 73668 | Tomb:1   | Noticed a royal mummy
 73668 | Tomb:1   | Noticed a royal mummy
 73670 | Tomb:1   | Killed a royal mummy
 73672 | Tomb:1   | Killed a royal mummy
 73676 | Tomb:1   | Killed a royal mummy
 73679 | Tomb:1   | Noticed a royal mummy
 73688 | Tomb:1   | Killed a royal mummy
 73693 | Tomb:1   | Noticed a royal mummy
 73712 | Tomb:1   | Gained mutation: You sometimes lose your temper in combat.
                  | [mutagenic glow]
 73723 | Tomb:1   | Gained mutation: You occasionally lose the ability to read
                  | scrolls when taking damage. [mutagenic glow]
 74063 | Tomb:1   | Killed a royal mummy
 74064 | Tomb:1   | Reached XP level 27. HP: 108/273 MP: 39/39
 74091 | Tomb:1   | Lost mutation: You sometimes lose your temper in combat.
                  | [potion of mutation]
 74091 | Tomb:1   | Lost mutation: You occasionally shout uncontrollably at
                  | your foes. [potion of mutation]
 74091 | Tomb:1   | Gained mutation: You have a pair of large horns on your
                  | head. [potion of mutation]
 74091 | Tomb:1   | Gained mutation: Your flesh is cold resistant. (rC+)
                  | [potion of mutation]
 74091 | Tomb:1   | Gained mutation: You expend magic power (3 MP) to
                  | strengthen your wands. [potion of mutation]
 74091 | Tomb:1   | Gained mutation: You are somewhat resistant to further
                  | mutation. [potion of mutation]
 74092 | Tomb:1   | Lost mutation: You occasionally lose the ability to read
                  | scrolls when taking damage. [potion of mutation]
 74092 | Tomb:1   | Lost mutation: Your flesh is cold resistant. (rC+) [potion
                  | of mutation]
 74092 | Tomb:1   | Lost mutation: You have a pair of large horns on your head.
                  | [potion of mutation]
 74117 | Tomb:1   | Identified the +4 tower shield "Juadesog" {rF- Str+4 SInv}
 74118 | Tomb:1   | HP: 11/273 [polar bear[the rage of Trog] (3)]
 74343 | Tomb:1   | Noticed a royal mummy
 74352 | Tomb:1   | Killed a royal mummy
 74451 | Tomb:1   | Noticed a royal mummy
 74454 | Tomb:1   | Noticed a royal mummy
 74456 | Tomb:1   | Noticed a royal mummy
 74457 | Tomb:1   | Noticed a royal mummy
 74461 | Tomb:1   | Killed a royal mummy
 74466 | Tomb:1   | Noticed a royal mummy
 74470 | Tomb:1   | Killed a royal mummy
 74472 | Tomb:1   | Killed a royal mummy
 74475 | Tomb:1   | Killed a royal mummy
 74477 | Tomb:1   | Killed a royal mummy
 74898 | Tomb:2   | Reached skill level 27 in Invocations
 75828 | Hell     | Entered the Vestibule of Hell
 75830 | Hell     | Noticed Geryon
 76315 | Hell     | Killed Geryon
 76453 | Hell     | Found a gateway to the freezing wastes of Cocytus.
 76491 | Hell     | Paralysed by Trog for 5 turns
 76545 | Hell     | Found a gateway to the decaying netherworld of Tartarus.
 76588 | Hell     | Found a gateway to the ashen valley of Gehenna.
 76718 | Hell     | Found a gateway to the Iron City of Dis.
 76814 | Pan      | Entered Pandemonium
 76819 | Pan      | Noticed Hiaxoit the pandemonium lord
 76825 | Pan      | Killed Hiaxoit the pandemonium lord
 76899 | Pan      | Identified the +1 sling of Slime {antimagic, Will+}
 76909 | Pan      | Identified the +8 short sword of Exzoxa {heavy, Str+2}
 77235 | Pan      | Gained mutation: You are clumsy. (Dex -2) [a cacodemon]
 77414 | Pan      | Gained mutation: You sometimes lose your temper in combat.
                  | [a cacodemon]
 77813 | Pan      | Was forgiven by Trog
 78154 | Pan      | Noticed Vunnu the pandemonium lord
 78170 | Pan      | Killed Vunnu the pandemonium lord
 79504 | Depths:2 | Escaped Pandemonium
 80304 | Tomb:3   | Entered Level 3 of the Tomb of the Ancients
 80318 | Tomb:3   | Noticed a royal mummy
 81651 | Tomb:3   | Noticed a royal mummy
 81651 | Tomb:3   | Noticed a royal mummy
 81652 | Tomb:3   | Found the +5 Storm Queen's Shield {shock, Fly rElec}
 81652 | Tomb:3   | Found the +10 dark maul {heavy}
 81653 | Tomb:3   | Noticed a royal mummy
 81661 | Tomb:3   | Killed a royal mummy
 81668 | Tomb:3   | Killed a royal mummy
 81675 | Tomb:3   | Killed a royal mummy
 81682 | Tomb:3   | Killed a royal mummy
 81697 | Tomb:3   | Noticed Boris
 81701 | Tomb:3   | Noticed a royal mummy
 81703 | Tomb:3   | Killed Boris
 81708 | Tomb:3   | Noticed a royal mummy
 81709 | Tomb:3   | Killed a royal mummy
 81712 | Tomb:3   | Noticed a royal mummy
 81714 | Tomb:3   | Killed a royal mummy
 81721 | Tomb:3   | Killed a royal mummy
 81724 | Tomb:3   | Noticed a royal mummy
 81731 | Tomb:3   | Killed a royal mummy
 82155 | Tomb:3   | Identified the staff of the Thieving Whale {rF+ rC+ Str+4
                  | Fire}
 82157 | Tomb:3   | Identified the +6 flail of Severance {elec, *Noise rN++
                  | rCorr Int-2}
 82158 | Tomb:3   | Identified the +4 great sword "Zuicahag" {pain, Str+2}
 82161 | Tomb:3   | Identified the ring "Asuegitza" {Fly rPois rF- Stlth+}
 82174 | Tomb:3   | Got a sparkling book
 82192 | Tomb:3   | Identified the +0 ring mail of Patience {Regen+ MP+9 Str+3}
 82205 | Tomb:3   | Identified the amulet of Departure {Reflect rN+ SH+5}
 82301 | Tomb:3   | Noticed a royal mummy
 82310 | Tomb:3   | Killed a royal mummy
 82701 | Tomb:3   | Got a golden rune of Zot
 83354 | Pan      | Entered the realm of Gloorx Vloq.
 83354 | Pan      | Entered Pandemonium
 83693 | Pan      | Noticed Gloorx Vloq
 83707 | Pan      | HP: 13/273 [??? (4)]
 83712 | Pan      | HP: 12/273 [??? (4)]
 83720 | Pan      | Killed Gloorx Vloq
 83898 | Pan      | Got a dark rune of Zot
 84876 | Pan      | Noticed Huje the pandemonium lord
 84889 | Pan      | Killed Huje the pandemonium lord
 85551 | Pan      | Entered the realm of Lom Lobon.
 85551 | Pan      | Noticed Lom Lobon
 85599 | Pan      | HP: 11/273 [spore (9)]
 85600 | Pan      | Killed from afar by Lom Lobon

Illustrated notes

Levels and vault maps discovered:
D:1:      dpeg_arrival_arbitrary_a, layout_rooms, serial_shops, shop,
          dreamdust_ecumenical_altar_angels_and_demons,
          hangedman_feature_mirror, nicolae_concentric_dashed_squares_mild,
          due_unseen_surprise
D:2:      minmay_razor_zed, layout_basic, serial_bayou_pond_d
D:3:      wad_pebble_path, layout_loops_ring,
          wander_ebering_terrifying_dragon_lair, uniq_jessica, uniq_robin
D:4:      layout_loops_ring, minmay_temple_entry_gardened_gates, uniq_edmund,
          uniq_pikel
D:5:      layout_loops_ring, uniq_grinder, uniq_blork_the_orc, uniq_eustachio
D:6:      layout_gridville, eino_small_chamber_without_monster,
          minmay_joined_circles
D:7:      layout_gridville, dancing_weapons_uskayaw
D:8:      layout_cave_pools, serial_shops, shop, shop
D:9:      layout_roguey [special_room_orc], minitemple, david_orc_5,
          st_stairs_10
D:10:     layout_big_octagon, uniq_lodul
D:11:     nicolae_cairo_tiling, layout_gridville, serial_co_window_serial,
          co_window_paths_b, co_window_corner_a, co_window_of_opportunity_a,
          co_window_of_opportunity_a, co_window_corner_a,
          co_window_of_opportunity_a, co_window_of_opportunity_a,
          co_window_corner_ca, co_window_unsneaky_path_b,
          co_window_unsneaky_path_d, glass_columns_c, glass_columns_b,
          glass_columns_a, glass_columns_b, glass_columns_a, nrook_campfire,
          serial_bayou_pond_e
D:12:     layout_cave_pods
D:13:     layout_rooms
D:14:     layout_loops_ring, hellmonk_vaults_keyhole
D:15:     hangedman_depths_entry_civil_slaughter, layout_cave_pods,
          chequers_jeans, uniq_josephine
Lair:1:   layout_hall_layers
Lair:2:   layout_small_grid
Lair:3:   layout_gridlike, shoals_dummy_entry, nicolae_snake_entry_squirm,
          minivault_25, ldierk_geyser, chequers_serial_rivers_room_b,
          hangedman_lair_unloving_vines, serial_bayou_shore_b
Lair:4:   layout_cave_pods, dpeg_slime_entry_corner, minmay_stone_trees_medium
Lair:5:   minmay_lair_end_frog_pond, layout_regular_city, pond
Shoals:1: argonaut_golden_fleece, layout_shoals
Shoals:2: layout_shoals, ebering_ghost_inner_flame,
          nicolae_shoals_lost_giant_pillars,
          nicolae_shoals_stone_sculpture_thing,
          nicolae_shoals_water_elemental_grotto
Shoals:3: layout_shoals, uniq_nikola, uniq_polyphemus, uniq_kirke, uniq_ilsuiw
Shoals:4: shoals_end_grunt_garden, layout_shoals, nicolae_shoals_seven_spires
Snake:1:  layout_layer_cave, st_stairs_13, nicolae_integral_box
Snake:2:  layout_chambers, serial_shops,
          nicolae_shop_competitors_out_of_business, shop,
          nicolae_shop_overgrown_old_shop, nicolae_shop_statue_plus
Snake:3:  layout_cave_pods, serial_bayou_ford_a, minmay_shoptagon, uniq_donald,
          uniq_louise
Snake:4:  grunt_snake_rune_pools, layout_onion_interference, serial_shops,
          nicolae_shop_statue_plus, shop
Slime:1:  layout_caves
Slime:2:  layout_caves, cheibrodos_slime_lost_civilization_5
Slime:3:  nicolae_slime_pool, layout_caves, cheibrodos_slime_lost_civilization_7
Slime:4:  layout_caves
Slime:5:  slime_pit_nicolae_inversion
Orc:1:    layout_caves, serial_shops, nicolae_shop_industrial_runoff,
          uniq_erolcha
Orc:2:    grunt_orc_gardens, layout_caves, grunt_orc_garden, grunt_orc_garden,
          grunt_orc_garden, grunt_orc_garden, hellmonk_ghost_happy_afterlife,
          serial_shops, statue_bzr
Elf:1:    nicolae_elf_arrival_dilemma, layout_gridlike, minmay_elf_necromancy,
          lemuel_upstairs_altar
Elf:2:    nicolae_elf_blades_crystal_corner, layout_geoelf_octagon, basic_altar,
          serial_shops, shop
Elf:3:    minmay_elf_hall_curves, layout_geoelf_octagon
Vaults:1: portal_desolation_entry_holy_temple, nicolae_vaults_tetromino_Z_1,
          v_misc_9, v_misc_16, nicolae_vaults_closet_pinwheel_5,
          vaults_mumra_lcd, nicolae_vaults_border_crossing,
          layout_vaults_omnigrid
Vaults:2: vaults_standard_mumra_lines, v_misc_13, v_alt_pattern_5,
          grunt_vaults_trifunnel, nicolae_vaults_storing_the_good_stuff,
          nicolae_vaults_double_plus_3, nicolae_vaults_closet_pinwheel_1,
          ontoclasm_vaults_eye, vaults_room_door_hall, vaults_room_pools,
          layout_vaults_ring, serial_shops, shop, uniq_aizul
Vaults:3: nicolae_vaults_stepped_doors, minmay_crypt_entry_necro_gods,
          vaults_room_fours, nicolae_vaults_turnstiles,
          nicolae_vaults_cornered_office, v_pattern_2, nicolae_vaults_prndl,
          vaults_room_door_ring, nicolae_vaults_network_quincunx
          [nicolae_vaults_network_quincunx_subvault,
          nicolae_vaults_network_quincunx_subvault,
          nicolae_vaults_network_quincunx_subvault,
          nicolae_vaults_network_quincunx_subvault,
          nicolae_vaults_network_quincunx_subvault],
          nicolae_vaults_double_plus_3, vaults_room_pool,
          nicolae_vaults_trapezoid_lopsided_2, layout_vaults_big_cross,
          uniq_jory
Vaults:4: nicolae_vaults_surprise_closet, hangedman_vaults_stream,
          nicolae_vaults_more_shelving_2, hangedman_vaults_capsules,
          nicolae_vaults_offset_grid_hallway_1, ontoclasm_vaults_ring_square,
          nicolae_vaults_surprise_closet, nicolae_vaults_mitosis,
          vaults_room_pool, layout_vaults_big_room, serial_shops,
          nicolae_shop_tiny_real_fake_doors, uniq_frederick
Vaults:5
Crypt:1:  layout_regular_city, glass_columns_b, amcnicky_mini_corridor_feature,
          grunt_crypt_arrival_split, grunt_megastairs_4, uniq_boris,
          uniq_saint_roka
Crypt:2:  layout_regular_city, uniq_mennas
Crypt:3:  grunt_crypt_end_deaths_head
Tomb:1
Tomb:2
Tomb:3
Depths:1: nzn_winding_woodlands_small [nzn_winding_woodlands_5x15_twine,
          nzn_winding_woodlands_center_garden,
          nzn_winding_woodlands_5x15_cabin], layout_honeycomb,
          hangedman_decor_points, hellmouth_1, minmay_misc_feat_columns,
          minmay_misc_feat_plants, evilmike_ambush
          [evilmike_ambush_outer_corners, evilmike_ambush_inner_basic]
Depths:2: minmay_the_grid_triangle_9x9_rhombus_thin_mashed
          [minmay_the_grid_triangle_9x9_corrupted_corridor,
          minmay_the_grid_triangle_9x9_prize_top_heavy,
          minmay_the_grid_triangle_9x9_sprig,
          minmay_the_grid_triangle_9x9_zippers_vertical], layout_cave_pools,
          serial_shops, bzr_entry_road, lightli_too_deep, pan_entry
Depths:3: minmay_fractal_lines_corner, layout_gridlike,
          nicolae_abyss_entry_one_way_or_another, hangedman_geh_valley,
          nicolae_sif_muna_condensation
Depths:4: grunt_zot_entry_bicorn, layout_cave_pools, enter_ziggurat_d,
          hell_entry, minmay_misc_feat_tiny, uniq_vv
Hell
Zot:1:    layout_gridlike, uniq_tiamat
Zot:2:    layout_concentric_octagons, st_stairs_6
Zot:3:    layout_twisted_circle, uniq_parghit
Zot:4:    layout_basic
Zot:5:    layout_cathedral_of_symmetry, nicolae_transmutations_shop
Pan:      evilmike_mini_pan_branches, layout_stronghold,
          nicolae_pan_double_arrow, layout_chambers,
          gloorx_vloq_grunt_torture_chamber, layout_gridlike,
          evilmike_mini_pan_diamond, layout_gridlike, pan_blood_fountain,
          nicolae_pan_mnolegish_1, lom_lobon, layout_pan_divisions_a
          [pan_division_quadrant_a2, pan_division_quadrant_a4,
          pan_division_quadrant_a4, pan_division_quadrant_a6,
          pan_division_octagon_empty]

Skill      XL: |  1  2  3  4  5  6  7  8  9 10 11 12 13 14 15 16 17 18 19 20 21 22 23 24 25 26 27 |
---------------+----------------------------------------------------------------------------------+-----
Axes           | 4 5 6 8 10 13 14 16 18 20 24 | 24.0
Fighting       | 4 5 7 10 12 15 16 17 20 22 24 25 26 27 | 27.0
Armour         | 3 4 5 7 8 10 13 14 17 20 | 20.0
Dodging        | 3 5 8 17 20 | 20.0
Evocations     | 4 9 10 13 14 15 18 | 18.5
Shields        | 5 13 19 22 23 | 23.0
Invocations    | 5 11 17 20 22 26 27 | 27.0
Throwing       | 8 12 | 12.0

Action                     |  1- 3 |  4- 6 |  7- 9 | 10-12 | 13-15 | 16-18 | 19-21 | 22-24 | 25-27 || total
---------------------------+-------+-------+-------+-------+-------+-------+-------+-------+-------++-------
  Melee: Hand axe          |    91 |   150 |   286 |       |       |       |       |       |       ||   527
         Headbutt          |     6 |    25 |    72 |    93 |   127 |   202 |   229 |   308 |   702 ||  1764
         Punch             |     1 |       |    10 |     6 |     4 |       |       |       |       ||    21
         War axe           |       |       |   132 |   281 |       |       |       |       |       ||   413
         Broad axe         |       |       |       |   208 |   761 |   904 |  1001 |  1099 |  1963 ||  5936
         Flail             |       |       |       |    11 |    17 |       |       |       |       ||    28
         Unarmed           |       |       |       |       |       |     5 |       |       |       ||     5
  Throw: Javelin           |       |       |       |       |       |       |       |    18 |     4 ||    22
         Throwing net      |       |       |       |       |       |       |       |     3 |       ||     3
 Invoke: Trog's Hand       |       |       |     1 |       |     8 |     7 |     9 |     3 |       ||    28
         Berserk           |       |       |     1 |     3 |     6 |       |     1 |     5 |     1 ||    17
         Brothers in Arms  |       |       |       |       |       |     3 |     1 |       |       ||     4
         Cleansing Flame   |       |       |       |       |       |       |       |       |   105 ||   105
         Brand Weapon With |       |       |       |       |       |       |       |       |     1 ||     1
         Divine Shield     |       |       |       |       |       |       |       |       |     6 ||     6
         Summon Divine War |       |       |       |       |       |       |       |       |     4 ||     4
  Evoke: Wand              |       |       |     1 |     4 |     1 |     3 |       |       |       ||     9
         Phial of floods   |       |       |       |       |       |       |     1 |       |     3 ||     4
         Condenser vane    |       |       |       |       |       |       |     1 |       |     1 ||     2
    Use: Scroll            |       |       |     7 |     7 |    13 |    15 |    11 |    10 |    16 ||    79
         Potion            |       |       |       |     2 |     9 |     7 |    10 |     7 |    41 ||    76
   Stab: Petrified         |       |       |       |       |       |     5 |       |       |       ||     5
         Petrifying        |       |       |       |       |       |     2 |       |       |       ||     2
         Held in net/web   |       |       |       |       |       |       |       |     3 |       ||     3
         Confused          |       |       |       |       |       |       |       |       |     3 ||     3
 Armour: Animal skin       |     9 |       |       |       |       |       |       |       |       ||     9
         Crystal plate arm |    63 |   131 |   355 |   590 |  1169 |   804 |   703 |  1021 |  1302 ||  6138
         Skin              |       |       |       |       |       |    19 |       |       |   428 ||   447
  Dodge: Dodged            |    38 |    24 |    64 |   157 |   323 |   210 |   176 |   307 |   499 ||  1798
  Block: Buckler           |       |       |       |       |   145 |     1 |       |       |       ||   146
         Kite shield       |       |       |       |       |       |   385 |       |       |       ||   385
         Reflection        |       |       |       |       |       |    38 |       |       |       ||    38
         Tower shield      |       |       |       |       |       |   371 |  1274 |  1556 |  2853 ||  6054

Table legend: (Time is in decaauts)
 A = Elapsed time spent in this place.
 B = Non-inter-level travel time spent in this place.
 C = Inter-level travel time spent in this place.
 D = Time resting spent in this place.
 E = Time spent auto-exploring this place.
 F = Levels seen in this place.
 G = Mean time per level.
                   A        B        C        D        E       F      G
               +--------+--------+--------+--------+--------+-----+--------+
         Total |  86599 |  72081 |  14518 |  12952 |  41255 |  67 | 1292.5 |
       Dungeon |  17632 |  13583 |   4049 |   1526 |   9545 |  15 | 1175.5 |
          Lair |   8321 |   7432 |    889 |   1707 |   4654 |   5 | 1664.2 |
        Shoals |   4965 |   4619 |    346 |    495 |   2482 |   4 | 1241.2 |
     Snake Pit |   5205 |   4936 |    269 |    510 |   3132 |   4 | 1301.2 |
    Slime Pits |   1407 |   1407 |      0 |    417 |    413 |   5 |  281.4 |
  Orcish Mines |   1961 |   1392 |    569 |    154 |    705 |   2 |  980.5 |
   Elven Halls |   3211 |   2814 |    397 |    128 |   1455 |   3 | 1070.3 |
        Vaults |  12160 |   8041 |   4119 |   1800 |   4350 |   5 | 2432.0 |
         Crypt |   4204 |   2853 |   1351 |      0 |   2191 |   3 | 1401.3 |
          Tomb |   6652 |   5168 |   1484 |   1541 |   2003 |   3 | 2217.3 |
        Depths |   6010 |   5148 |    862 |   1125 |   2889 |   4 | 1502.5 |
          Hell |    479 |    452 |     27 |     30 |    293 |   1 |  479.0 |
           Zot |   7709 |   7559 |    150 |   2137 |   4173 |   5 | 1541.8 |
   Pandemonium |   4906 |   4906 |      0 |    761 |   2862 |   5 |  981.2 |
        Bazaar |    373 |    373 |      0 |    211 |      0 |   2 |  186.5 |
    Desolation |   1398 |   1398 |      0 |    407 |    103 |   1 | 1398.0 |
               +--------+--------+--------+--------+--------+-----+--------+

Top non-repeatable levels by time:
  Tomb:1: 4303 daAuts
Vaults:4: 3993 daAuts
Vaults:1: 2942 daAuts
  Lair:3: 2357 daAuts
Vaults:3: 2263 daAuts
   Zot:4: 2131 daAuts
  Lair:4: 2103 daAuts
   Zot:2: 1936 daAuts
     D:9: 1869 daAuts
    D:14: 1833 daAuts
 Snake:2: 1694 daAuts
Depths:4: 1676 daAuts
Depths:1: 1673 daAuts
 Crypt:3: 1594 daAuts
Shoals:2: 1585 daAuts
